cohdb
Replays
Latest Replays
All Replays
Popular Replays
Top Player Replays
Match Explorer
How It Works
Community
CoH3 Stats
Reddit
Sign in to upload your games and track your stats! →
Sign in with Steam
Match 42870178
Unlisted
Match 42870178
Overview
Messages
Build Orders
End
Panzergrenadier Squad
250 Light Carrier
Selects Battlefield Espionage Battlegroup
Selects Sector Subterfuge Beacon
Panzergrenadier Squad
Construct Light Support Kompanie
Panzerjäger Squad
Fire Support Elements
Selects 250/3 Funkpanzerwagen
Selects Transfer Depots
Combat Half-tracks
Construct Mechanized Kompanie
250 Light Carrier
Panzerpioneer Squad
Selects 250/3 Funkpanzerwagen
250/3 Funkpanzerwagen
Assault Mechanized Group
Marder III Tank Destroyer
MG34 Team
StuG III D Assault Gun
Selects Firestorm
Construct Panzerarmee Kommand
Assault Mechanized Group
Assault Grenadier Squad
Walking Stuka Rocket Launcher
Firestorm
Panzer III L Medium Tank
Assault Grenadier Squad
Flak 36 Anti-tank Gun Team
Firestorm
Panzerjäger Mechanized Group
Firestorm
Selects Anti-Tank Incendiary Munitions
Selects Operation Skorpion
Panzer III L Medium Tank
Panzer III L Medium Tank
camkool
YngviKong
Random_Target
just a chill world leader ♡
0
0
Comments
sign in to comment!
No comments posted yet!